 Dungeon Crawl Stone Soup version 0.28-a0-239-g68911e0c57 (webtiles) character file.

Game seed: 13092131208053469391

30 Colgate the Scratcher (level 3, 0/17 HPs)
             Began as a Felid Berserker on Aug 23, 2021.
             Was a Follower of Trog.
             Succumbed to an adder's poison
             ... on level 2 of the Dungeon.
             The game lasted 00:00:45 (1693 turns).

Colgate the Scratcher (Felid Berserker)             Turns: 1693, Time: 00:00:46

Health: 0/17       AC:  1    Str: 13    XL:     3   Next: 3%
Magic:  4/4        EV: 18    Int:  8    God:    Trog [*.....]
Gold:   7          SH:  0    Dex: 16    Spells: 2/2 levels left
                                        Lives:  0   Deaths: 0

rFire   . . .      SeeInvis +     - Unarmed
rCold   . . .      Faith    .   (shield unavailable)
rNeg    . . .      Spirit   .   (armour unavailable)
rPois   .          Reflect  .   (helmet unavailable)
rElec   .          Harm     .   (cloak unavailable)
rCorr   .          Rampage  .   (gloves unavailable)
Will    .....                   (boots unavailable)
Stlth   +.........              (no amulet)
HPRegen 0.05/turn               (no ring)
MPRegen 0.09/turn               (no ring)

@: lethally poisoned (0 -> 0), on berserk cooldown, slowed, slow
A: very small, claws 1, fangs 3, see invisible, speed 1, shaggy fur 1, stealthy
paws, no weapons or thrown items, no armour, multi-lived
a: Renounce Religion, Berserk


You were on level 2 of the Dungeon.
You worshipped Trog.
Trog was aware of your devotion.
You visited 1 branch of the dungeon, and saw 2 of its levels.

You collected 7 gold pieces.


Innate Abilities, Weirdness & Mutations

You have sharp claws.
You have razor-sharp teeth.
You have supernaturally acute eyesight. (SInv)
You cover ground quickly. (Speed+)
You are covered in fur. (AC +1)
Your paws help you pounce on unaware monsters.
You are incapable of wielding weapons or throwing items.
You cannot wear armour.
You gain extra lives every three experience levels.


   Skills:
 - Level 3.0 Fighting
 - Level 4.0 Dodging
 + Level 4.2 Unarmed Combat


You had 2 spell levels left.
You didn't know any spells.
Your spell library was empty.

Inventory:

Potions
 b - a potion of ambrosia {unknown}
 c - a potion of invisibility {unknown}

Dungeon Overview and Level Annotations

Branches:
Dungeon (2/15)

Altars:

Shops:
D:1 ?


Message History

The dart slug launches a dart at you. The slug dart misses you.
You barely miss the adder. The adder barely misses you.
The dart slug closely misses you.
You scratch the adder. Your bite misses the adder.
The adder is severely wounded.
The adder completely misses you. The adder bites you.
You closely miss the adder.
The adder is severely wounded.
The dart slug closely misses you. The adder bites you.
You closely miss the adder. Your claw misses the adder. You bite the adder.
The adder is severely wounded.
The adder completely misses you. The dart slug bites you.
1688 ||| INVOKING Berserk.
A red film seems to cover your vision as you go berserk!
You feel yourself moving faster!
You feel mighty! The adder bites you.
You are poisoned.
The adder poisons you!
You claw the adder!
You kill the adder!
Trog accepts your kill.
You feel sick. The dart slug launches a dart at you. The slug dart misses you.
Your Unarmed Combat skill increases to level 4!
You claw the dart slug!
You kill the dart slug!
Trog accepts your kill.
You feel sick.
You have reached level 3!
Your experience leads to an increase in your attributes!
Increase (S)trength, (I)ntelligence, or (D)exterity?
You feel agile.
You feel a strong urge to attack something.
You feel sick.
You are no longer berserk.
You are exhausted.
You feel yourself slow down.
You die...

.. .# .#
#####.#
#.<...#
#####.....#
..........#
#..@..#
#<....#
#......##
#)....##
#.....#
#....##
#....#
#.....
#.....


There were no monsters in sight!

Vanquished Creatures
  An adder (D:2)
  A dart slug (D:2)
  3 endoplasms (D:1)
  3 goblins (D:1)
  A hobgoblin (D:1)
  2 quokkas (D:1)
  A ball python (D:1)
  4 bats (D:1)
  A kobold (D:1)
  A rat (D:1)
18 creatures vanquished.

Notes
Turn   | Place    | Note
-------+----------+-------------------------------------------
     0 | D:1      | Colgate the Felid Berserker began the quest for the Orb.
     0 | D:1      | Reached XP level 1. HP: 10/10 MP: 2/2
     0 | D:1      | 0 ||| counter = 13
   366 | D:1      | 366 ||| INVOKING Berserk.
   366 | D:1      | HP: 2/15 [frozen (5)]
   632 | D:1      | Reached XP level 2. HP: 14/14 MP: 3/3
   821 | D:1      | Found Vowoqob's Magic Scroll Shoppe.
   836 | D:1      | 836 ||| SHOPLISTING scroll of identify (26 gold, have 7).
   836 | D:1      | 836 ||| SHOPLISTING scroll of teleportation (39 gold, have
                  | 7).
  1240 | D:1      | 1240 ||| INVOKING Berserk.
  1604 | D:1      | Found a faded altar of an unknown god.
  1671 | D:1      | 1671 ||| READING scroll labelled DAEPPE VANGA.
  1688 | D:2      | 1688 ||| INVOKING Berserk.
  1688 | D:2      | HP: 5/21 [adder (4)]
  1691 | D:2      | Reached XP level 3. HP: 3/17 MP: 4/4
  1692 | D:2      | HP: 2/25 [poisoned by an adder]
  1693 | D:2      | Succumbed to an adder's poison

Levels and vault maps discovered:
D:1:      minmay_arrival_nine_rooms, layout_basic,
          shapermc_ecumenical_altar_venn, serial_shops, shop
D:2:      layout_rooms, moated_statue, minmay_misc_feat_encased,
          chequers_serial_rivers_micro_e

Skill      XL: |  1  2 |
---------------+-------+-----
Unarmed Combat | 4 |  4.2
Fighting       | |  3.0
Dodging        | |  4.0

Action                   || total
-------------------------++-------
Melee: Unarmed           ||    50
       Bite              ||     3
Invok: Berserk           ||     3
  Use: Scroll            ||     1
Armor: Skin              ||     1
Dodge: Dodged            ||    37

Table legend:
 A = Non-vault XP
 B = Vault XP
 C = Vault XP percentage of total XP
 D = Non-vault monster count
 E = Vault monster count
 F = Vault count percentage of total count
                 A         B        C        D         E       F
            +---------+---------+-------+---------+---------+-------
      Total |      43 |       0 |   0.0 |      18 |       0 |   0.0
            +---------+---------+-------+---------+---------+-------
        D:1 |      26 |       0 |   0.0 |      16 |       0 |   0.0
        D:2 |      17 |       0 |   0.0 |       2 |       0 |   0.0
            +---------+---------+-------+---------+---------+-------
